 Dungeon Crawl Stone Soup version 0.24.0-7-gb3623d2c88 (webtiles) character file.

Game seed: 25644988231007923, levelgen mode: deterministic

394 Furryfag69 the Cleaver (level 6, -1/51 HPs)
             Began as a Minotaur Berserker on Nov 3, 2019.
             Was a Believer of Trog.
             Killed by nerve-wracking pain
             ... invoked by Menkaure
              (12 damage)
             ... on level 4 of the Dungeon.
             The game lasted 00:06:15 (3029 turns).

Furryfag69 the Cleaver (Minotaur Berserker)         Turns: 3029, Time: 00:06:15

Health: -1/51      AC:  3    Str: 21    XL:     6   Next: 51%
Magic:  5/5        EV: 13    Int:  4    God:    Trog [**....]
Gold:   112        SH:  0    Dex: 12    Spells: 5/5 levels left

rFire    . . .     SeeInvis .   l - +0 broad axe
rCold    + . .     Gourm    .   (no shield)
rNeg     . . .     Faith    .   b - +1 animal skin
rPois    .         Spirit   .   (helmet restricted)
rElec    .         Reflect  .   (no cloak)
rCorr    .         Harm     .   (no gloves)
MR       .....                  (no boots)
Stlth    +.........             (no amulet)
HPRegen  0.17/turn              d - ring of protection from cold
MPRegen  0.09/turn              (no ring)

@: very slightly contaminated, invisible
A: retaliatory headbutt, horns 2
a: Berserk, Trog's Hand, Renounce Religion


You were on level 4 of the Dungeon.
You worshipped Trog.
Trog was pleased with you.
You were hungry.

You visited 1 branch of the dungeon, and saw 4 of its levels.

You collected 112 gold pieces.

Inventory:

Hand Weapons
 l - a +0 broad axe (weapon)
Armour
 b - a +1 animal skin (worn)
Jewellery
 d - a ring of protection from cold (left hand)
Scrolls
 i - a scroll of enchant armour
 j - 2 scrolls of fog
 k - a scroll of remove curse
Potions
 a - 2 potions of curing
 e - a potion of ambrosia
 f - 2 potions of brilliance
 g - a potion of magic
 h - a potion of invisibility
Comestibles
 c - 7 rations


   Skills:
 - Level 3.6 Fighting
 * Level 8.3 Axes
 - Level 2.4 Armour
 + Level 3.7 Dodging


You had 5 spell levels left.
You didn't know any spells.
Your spell library was empty.

Dungeon Overview and Level Annotations

Branches:
Dungeon (4/15)
 Temple: D:4-7

Altars:

Annotations:
D:4 Menkaure


Innate Abilities, Weirdness & Mutations

You reflexively headbutt those who attack you in melee.
You have a pair of horns on your head.


Message History

Menkaure blazes with dark energy!
You are very lightly contaminated with residual magic.
You closely miss Dowan.
Dowan is severely wounded.
Dowan misses you. Dowan barely misses you. You furiously retaliate!
You headbutt Dowan!
You kill Dowan!
Trog accepts your kill.
Trog appreciates your killing of a magic user.
Menkaure hits you!
* * * LOW HITPOINT WARNING * * *
You barely miss Menkaure. Your headbutt misses Menkaure.
Menkaure closely misses you. You furiously retaliate!
You headbutt Menkaure, but do no damage.
You hit Menkaure but do no damage. You hit Menkaure.
Your headbutt misses Menkaure.
Menkaure is lightly damaged.
Menkaure casts a spell at you. Pain shoots through your body!
You die...

#.## #..# #..#
#..# ## ##.#
#..# . #.#
#..# .#
#.###..##.#
#..##....!#
##.##...#
#..#.M.###
##[#.@...#
#..#(.#.#
....^...)..#.#
.######....# #
#....# #....#
#....# #...##
.....


You could see Menkaure.

Vanquished Creatures
  Duvessa (D:4)
  A bullfrog (D:4)
  Dowan (D:4)
  2 worker ants (D:3)
  8 adders
  An ooze (D:1)
  3 worms
  2 dart slugs (D:1)
  3 leopard geckos
  3 orcs (D:3)
  2 giant cockroaches (D:1)
  5 goblins
  6 hobgoblins
  2 jackals (D:3)
  A ball python (D:3)
  5 bats
  6 frilled lizards
  5 kobolds
  8 rats
65 creatures vanquished.

Notes
Turn   | Place    | Note
-------+----------+-------------------------------------------
     0 | D:1      | Furryfag69 the Minotaur Berserker began the quest for the
                  | Orb.
     0 | D:1      | Reached XP level 1. HP: 19/19 MP: 0/0
    26 | D:1      | Reached skill level 4 in Axes
    46 | D:1      | Reached XP level 2. HP: 18/26 MP: 1/1
  1169 | D:1      | Reached XP level 3. HP: 31/31 MP: 2/2
  1188 | D:1      | Reached skill level 5 in Axes
  1200 | D:1      | Reached ** piety under Trog
  1614 | D:2      | Reached XP level 4. HP: 18/39 MP: 3/3
  1668 | D:2      | You fall into a shaft and drop 1 floor!
  1876 | D:3      | Reached skill level 6 in Axes
  2320 | D:3      | Reached XP level 5. HP: 45/45 MP: 4/4
  2874 | D:4      | Reached skill level 7 in Axes
  2977 | D:4      | Noticed Duvessa
  2982 | D:4      | Killed Duvessa
  2982 | D:4      | Reached skill level 8 in Axes
  2982 | D:4      | Reached XP level 6. HP: 51/51 MP: 5/5
  3010 | D:4      | Noticed Dowan
  3018 | D:4      | Noticed Menkaure
  3025 | D:4      | Killed Dowan
  3029 | D:4      | Killed from afar by Menkaure

Levels and vault maps discovered:
D:1:      nzn_arrival_water_spiral, layout_rooms, nrook_uturn
D:2:      layout_loops_ring
D:3:      minmay_chambers_of_twos, layout_loops_corners, first_ration
D:4:      layout_basic, uniq_grinder, uniq_duvessa, uniq_menkaure

Skill      XL: |  1  2  3  4  5 |
---------------+----------------+-----
Axes           | 4 5 6 8 |  8.3
Dodging        | 3 |  3.7
Fighting       | |  3.6
Armour         | |  2.4

Action                   |  1- 3 |  4- 6 || total
-------------------------+-------+-------++-------
Melee: Hand axe          |    76 |    32 ||   108
       Headbutt          |    11 |    10 ||    21
       Broad axe         |       |    42 ||    42
Invok: Berserk           |       |     1 ||     1
  Use: Scroll            |     4 |     7 ||    11
       Potion            |       |     1 ||     1
 Stab: Sleeping          |     1 |       ||     1
  Eat: Ration            |     1 |     1 ||     2
Armor: Animal skin       |    12 |     6 ||    18
       Ring mail         |       |    17 ||    17
Dodge: Dodged            |    60 |    49 ||   109
